 Dungeon Crawl Stone Soup version 0.31.0-1-g2c135a0 (webtiles) character file.

Game seed: 7716681569724405135

6931 jagoly the Cleaver (level 11, 0/68 HPs)
             Began as a Gargoyle Monk on Jan 27, 2024.
             Was a Believer of the Shining One.
             Slain by Rupert
             ... wielding a +5 great mace of protection
              (20 damage)
             ... on level 11 of the Dungeon.
             The game lasted 00:39:50 (3750 turns).

jagoly the Cleaver (Gargoyle Monk)                  Turns: 3750, Time: 00:39:51

Health: 0/68       AC: 15    Str: 18    XL:     11   Next: 7%
Magic:  11/11      EV: 12    Int: 12    God:    the Shining One [**....]
Gold:   427        SH:  0    Dex: 12    Spells: 10/10 levels left

rFire   + . .        a - +8 trident of the Octopus King {venom, rElec rPois}
rCold   + . .        d - orb {light}
rNeg    + + .        H - +0 acid dragon scales
rPois   ∞            (no helmet)
rElec   +            F - scarf {rC+ rF+}
rCorr   +            (no gloves)
SInv    .            (no boots)
Will    .....        (no amulet)
Stlth   +            (no ring)
HPRegen 0.31/turn    (no ring)
MPRegen 0.12/turn

%: no passive effects
@: glowing
A: sickness immunity, AC +8, negative energy resistance 1, electricity
resistance, torment resistance 1, petrification resistance
a: Renounce Religion, Divine Shield


You were on level 11 of the Dungeon.
You worshipped the Shining One.
The Shining One was pleased with you.
You visited 2 branches of the dungeon, and saw 13 of its levels.

You collected 427 gold pieces.

Inventory:

Hand Weapons
 a - the +8 trident of the Octopus King (weapon) {venom, rElec rPois}
   (You found it on level 6 of the Dungeon)

   rElec:     It insulates you from electricity.
   rPois:     It protects you from poison
 g - a +0 sling
 x - a +0 hand axe
Missiles
 f - 31 stones (quivered)
 k - 18 poisoned darts
 B - a curare-tipped dart
 E - 9 boomerangs
Armour
 d - an orb of light (worn)
 e - a +0 ring mail of willpower
 F - a scarf of resistance (worn)
 H - +0 acid dragon scales (worn)
Wands
 q - a wand of flame (9)
 z - a wand of mindburst (10)
Scrolls
 b - a scroll of revelation {unknown}
 h - 2 scrolls of identify
 i - a scroll of torment {unknown}
 l - 4 scrolls of immolation
 m - 2 scrolls of poison
 n - 2 scrolls of amnesia
 p - 2 scrolls of teleportation
 u - a scroll of blinking {unknown}
 v - a scroll of vulnerability {unknown}
 y - a scroll of enchant armour {unknown}
 D - 2 scrolls of fog {unknown}
 I - a scroll of brand weapon {unknown}
 J - 2 scrolls of enchant weapon {unknown}
 K - a scroll of noise {unknown}
Potions
 c - a potion of brilliance {unknown}
 j - a potion of attraction {unknown}
 o - 3 potions of lignification {unknown}
 r - 2 potions of berserk rage {unknown}
 s - 3 potions of haste
 t - a potion of enlightenment {unknown}
 w - a potion of heal wounds {unknown}
 A - a potion of magic {unknown}
 C - a potion of mutation {unknown}
 G - a potion of degeneration {unknown}


   Skills:
 + Level 8.1 Fighting
 * Level 12.8 Axes
 + Level 6.2 Armour
 + Level 3.2 Dodging
 - Level 1.0 Stealth


You had 10 spell levels left.
You didn't know any spells.
Your spell library contained the following spells:

 Spells                   Type           Power      Damage    Failure   Level
 Blink                    Tloc           0%         N/A       54%         2
 Lesser Beckoning         Tloc           0%         N/A       54%         2
 Momentum Strike          Conj/Tloc      0%         3d8       54%         2
 Call Canine Familiar     Summ           0%         N/A       77%         3
 Inner Flame              Hex/Fire       0%         N/A       77%         3
 Sigil of Binding         Hex            0%         N/A       77%         3
 Dimensional Bullseye     Hex/Tloc       0%         N/A       99%         4
 Irradiate                Conj/Alch      0%         3d11      100%        5
 Ignition                 Fire           0%         3d3       100%        8


Dungeon Overview and Level Annotations

Branches:
Dungeon (12/15) Zot: 26990  Temple (1/1) D:6 Zot: 5960    Lair (0/5) D:8
    Orc: D:9-12

Altars:
Ashenzari
Cheibriados
Dithmenos
Elyvilon
Fedhas
Gozag
Hepliaklqana
Kikubaaqudgha
Makhleb
Nemelex Xobeh
Okawaru
Qazlal
Ru
Sif Muna
Trog
Uskayaw
Wu Jian
Xom
Yredelemnul
Zin
The Shining One

Annotations:
D:4 1 runed translucent door, GnostlyHero's ghost, amateur MfSu
D:10 Harold
D:11 Rupert
D:12 Nessos


Innate Abilities, Weirdness & Mutations

You are immune to sickness and miasma.
Your stone body is resilient. (AC +8)
You are immune to poison.
You resist negative energy. (rN+)
You are resistant to electric shocks. (rElec)
You are resistant to unholy torment.
You are immune to petrification.


Message History

You hit the orc warrior.
The orc warrior looks as sick as possible!
The orc warrior is moderately wounded.
The orc warrior barely misses you.
You puncture the orc warrior!
The orc warrior looks as sick as possible!
The orc warrior is heavily wounded.
The orc warrior hits you but does no damage.
You hit the orc warrior.
The orc warrior looks as sick as possible!
The orc warrior is severely wounded.
The orc warrior closely misses you.
You hit the orc warrior but do no damage.
The orc warrior is severely wounded.
The orc warrior barely misses you.
You hit the orc warrior but do no damage.
The orc warrior looks as sick as possible!
The orc warrior is almost dead.
The orc warrior hits you but does no damage.
You completely miss the orc warrior.
The orc warrior is almost dead.
You kill the orc warrior!
No target in view!
There is a stone staircase leading down here.
Found a crooked smoking staff.
HP restored.
You see here a staff of alchemy.
Found 11 gold pieces.
You now have 349 gold pieces (gained 11).
An electric eel comes into view.
The electric eel shoots out a bolt of lightning at you!
The bolt of electricity hits you. You resist.
The electric eel shoots out a bolt of lightning at you!
The bolt of electricity hits you. You resist.
An electric eel comes into view.
The electric eel shoots out a bolt of lightning at you!
The bolt of electricity hits you. You resist.
Found a staircase to the Lair.
You reach to attack!
You puncture the electric eel!
The electric eel is poisoned.
The electric eel is almost dead.
You kill the electric eel!
The electric eel shoots out a bolt of lightning at you!
The bolt of electricity hits you. You resist. The bolt of electricity hits you.
You resist.
The yak bellows!
You hear a shout!
A hound comes into view.
The hound barks!
The electric eel shoots out a bolt of lightning at you!
The bolt of electricity hits you. You resist.
The electric eel shoots out a bolt of lightning at you!
The bolt of electricity hits you. You resist.
You hear a shout!
The electric eel shoots out a bolt of lightning at you!
The bolt of electricity hits you. You resist.
The bolt of electricity misses you.
The electric eel shoots out a bolt of lightning at you!
The bolt of electricity misses you.
The electric eel shoots out a bolt of lightning at you!
The bolt of electricity hits the electric eel.
The electric eel completely resists.
The bolt of electricity hits you. You resist.
The electric eel shoots out a bolt of lightning at you!
The bolt of electricity misses you.
The electric eel shoots out a bolt of lightning at you!
The bolt of electricity hits you. You resist.
An orc comes into view. It is wielding a +0 club.
The orc shouts!
The electric eel shoots out a bolt of lightning at you!
The bolt of electricity hits you. You resist.
You reach to attack!
You hit the electric eel.
The electric eel is poisoned.
The electric eel is lightly wounded.
An orc comes into view. It is wielding a +0 whip.
You reach to attack!
You hit the electric eel.
The electric eel looks as sick as possible!
The electric eel is moderately wounded.
The electric eel shoots out a bolt of lightning at you!
The bolt of electricity hits you. You resist.
You reach to attack!
You puncture the electric eel!
The electric eel looks as sick as possible!
The electric eel is severely wounded. 2 orcs come into view.
The orc shouts! x2
You kill the electric eel!
You hear a splash.
The electric eel shoots out a bolt of lightning at you!
The bolt of electricity hits you. You resist.
An orc wizard comes into view. It is wielding a +0 dagger.
You reach to attack!
You puncture the electric eel!
The electric eel is poisoned.
The electric eel is heavily wounded.
You reach to attack!
You puncture the electric eel!
You kill the electric eel!
You hear a splash.
Training target 6.0 for Armour reached!
Your Armour skill increases to level 6!
You enter the shallow water.
Moving in this stuff is going to be slow.
Why would you want to do that?
Okay, then.
Unknown command.
You enter the shallow water.
Moving in this stuff is going to be slow.
The orc throws a boomerang.
The boomerang misses you.
The orc throws a boomerang.
The boomerang hits you but does no damage.
You reach to attack!
Your unstable footing causes you to fumble your attack.
The orc wizard mumbles some strange words.
The orc wizard flickers and vanishes!
Deactivating autopickup; reactivate with Ctrl-A.
The orc throws a boomerang.
The boomerang hits you but does no damage.
Reach: a) +8 trident of the Octopus King {venom, rElec rPois}
Press: ? - help, Dir - move target, f/p - orc
Aim: an orc, wielding a +0 club and wearing a +0 leather armour (haloed, about 16% to evade the +8 trident of the Octopus King)
You puncture the orc!
The orc is almost dead.
Reach: a) +8 trident of the Octopus King {venom, rElec rPois}
Press: ? - help, Dir - move target, f/p - orc
Aim: an orc, wielding a +0 club and wearing a +0 leather armour (almost dead, haloed, about 16% to evade the +8 trident of the Octopus King)
Your unstable footing causes you to fumble your attack.
The orc hits you but does no damage.
Reach: a) +8 trident of the Octopus King {venom, rElec rPois}
Press: ? - help, Dir - move target, f/p - orc
Aim: an orc, wielding a +0 club and wearing a +0 leather armour (almost dead, haloed, about 16% to evade the +8 trident of the Octopus King)
Okay, then.
The orc throws a boomerang.
The boomerang hits you.
The hound stops to sniff the water.
Reach: a) +8 trident of the Octopus King {venom, rElec rPois}
Press: ? - help, Dir - move target, f - orc, p - orc
Aim: an orc, wielding a +0 war axe (haloed, about 16% to evade the +8 trident of the Octopus King)
You reach to attack!
You hit the orc.
The orc is poisoned.
The orc is almost dead.
You kill the orc!
The orc throws a boomerang.
The boomerang closely misses you.
Reach: a) +8 trident of the Octopus King {venom, rElec rPois}
Press: ? - help, Dir - move target, f - yak
Aim: a yak (haloed, about 8% to evade the +8 trident of the Octopus King)
You reach to attack!
You puncture the yak!
The yak looks as sick as possible!
The yak is moderately wounded.
Reach: a) +8 trident of the Octopus King {venom, rElec rPois}
Press: ? - help, Dir - move target, f/p - yak
Aim: a yak (moderately wounded, extremely poisoned, haloed, about 8% to evade the +8 trident of the Octopus King)
You reach to attack!
You hit the yak.
The yak looks as sick as possible!
The yak is heavily wounded.
The orc misses you.
Reach: a) +8 trident of the Octopus King {venom, rElec rPois}
Press: ? - help, Dir - move target, f/p - yak
Aim: a yak (heavily wounded, extremely poisoned, haloed, about 8% to evade the +8 trident of the Octopus King)
You reach to attack!
You puncture the yak!
The yak is almost dead.
You kill the yak!
The orc hits you but does no damage.
You barely miss the orc.
The orc is almost dead.
The orc hits you with a +0 club.
You hit the orc.
You kill the orc!
Things that are here:
a +0 club; a +0 leather armour; an orc corpse
Things that are here:
a +0 war axe; an orc corpse
Found 13 gold pieces.
The orc throws a boomerang.
The boomerang hits you but does no damage.
You reach to attack!
You completely miss the orc.
The orc throws a boomerang.
The boomerang misses you.
You reach to attack!
You puncture the orc!
You kill the orc!
You reach to attack!
You hit the orc wizard.
The orc wizard is poisoned.
The orc wizard is heavily wounded.
You hit the orc wizard.
You kill the orc wizard!
You hear a splash. x2
Reactivating autopickup.
You reach to attack!
You puncture the hound!
The hound is almost dead.
You closely miss the hound.
The hound is almost dead.
The hound barely misses you.
You hit the hound.
You kill the hound!
You puncture the hound!
The hound is heavily wounded.
The hound closely misses you.
You puncture the hound!
The hound is poisoned.
The hound is almost dead.
The hound misses you. The hound bites you but does no damage.
You puncture the hound!
You kill the hound!
The orc splashes around in the water.
You puncture the orc!
You kill the orc!
You hear a splash. x2
Press: ? - help, v - describe, . - travel, g - get item
Items here: a +0 whip; 3 boomerangs; a +0 leather armour.
The floor, spattered with blood.
This square is lit by a halo.
You enter the shallow water.
Moving in this stuff is going to be slow.
Items here: )) [[ ††.
E - 9 boomerangs (gained 3)
Things that are here:
a +0 whip; a +0 leather armour You now have 362 gold pieces (gained 13).
You now have 383 gold pieces (gained 21).
A malevolent force fills the Dungeon...
You fall into a shaft and drop 3 floors!
The shaft crumbles and collapses.
Found a scroll labelled CEBILAUKLA.
Unknown command.
A kobold brigand and 2 kobolds come into view.
The kobold brigand is wielding a +0 short sword and quivering poisoned darts.
A kobold is wielding a +0 dagger of draining.
The kobold brigand shouts!
The kobold shouts!
You hear a shout!
A kobold comes into view. It is wielding a +0 club.
Found 13 gold pieces.
You see here a scroll labelled CEBILAUKLA.
n - 2 scrolls labelled CEBILAUKLA (gained 1)
You reach to attack!
You hit the kobold.
The kobold is poisoned.
The kobold is moderately wounded.
You kill the kobold!
A kobold comes into view. It is wielding a +0 whip.
The kobold shouts!
You hear a shout! x2
A kobold comes into view. It is wielding a +0 whip.
You reach to attack!
You barely miss the kobold. You hit the kobold.
You kill the kobold!
You barely miss the kobold brigand.
A kobold comes into view. It is wielding a +0 short sword.
You puncture the kobold brigand!
The kobold brigand is poisoned.
The kobold brigand is moderately wounded.
The kobold brigand barely misses you.
You hit the kobold brigand but do no damage.
The kobold brigand is moderately wounded.
The kobold throws a stone.
The stone misses you.
The kobold brigand hits you with a +0 short sword.
You puncture the kobold brigand!
The kobold brigand looks as sick as possible!
The kobold brigand is heavily wounded.
The kobold brigand barely misses you.
You puncture the kobold brigand!
The kobold brigand is almost dead.
The kobold hits you but does no damage. The kobold brigand closely misses you.
You puncture the kobold brigand!
You kill the kobold brigand!
The kobold hits you with a +0 whip.
You puncture the kobold!
You kill the kobold!
The kobold hits you but does no damage. x2
You completely miss the kobold. You puncture the kobold!
You kill the kobold!
The kobold misses you. The kobold barely misses you.
You closely miss the kobold. The kobold hits you but does no damage.
The kobold completely misses you.
You puncture the kobold!
You kill the kobold!
The kobold closely misses you.
You puncture the kobold!
You kill the kobold!
No target in view!
No target in view!
Press: ? - help, v - describe, . - travel, g - get item
Items here: (( )) †.
The floor, spattered with blood.
This square is lit by a halo.
f - 24 stones (gained 3);
k - 18 poisoned darts (gained 2)
Things that are here:
a +0 whip; a +0 short sword; a kobold corpse HP restored.
You now have 396 gold pieces (gained 13).
You open the door.
Found 2 puce potions.
There is an open door here.
o - 3 puce potions (gained 2)
You open the door.
There is an open door here.
Found a stone staircase leading up.
Found a stone staircase leading up.
You open the door.
Found a scroll labelled PENOIPNEAPT.
There is an open door here.
u - a scroll labelled PENOIPNEAPT
There is an open door here.
Found a scroll labelled OHAUNE QOZU and 7 stones.
There is a stone staircase leading up here.
h - 3 scrolls labelled OHAUNE QOZU (gained 1)
Found a scroll labelled OHAUNE QOZU.
f - 31 stones (gained 7)
h - 4 scrolls labelled OHAUNE QOZU (gained 1)
You open the door.
There is a stone staircase leading up here.
You climb upwards.
Found a chain mail.
There is a stone staircase leading down here.
You climb downwards.
There is a stone staircase leading up here.
There is a stone staircase leading up here.
You climb upwards.
An unseen horror comes into view.
Found a sling.
Found a stone staircase leading down.
There is a stone staircase leading down here.
You reach to attack!
You hit the unseen horror.
The unseen horror is poisoned.
The unseen horror is lightly wounded.
The unseen horror completely misses you.
You puncture the unseen horror!
The unseen horror is moderately wounded.
The unseen horror barely misses you.
You reach to attack!
You hit the unseen horror.
The unseen horror looks as sick as possible!
The unseen horror is moderately wounded.
The unseen horror closely misses you. The unseen horror misses you.
You hit the unseen horror.
The unseen horror looks as sick as possible!
The unseen horror is heavily wounded.
The unseen horror hits you.
You barely miss the unseen horror.
The unseen horror is heavily wounded.
The unseen horror closely misses you.
You reach to attack!
You hit the unseen horror.
The unseen horror looks as sick as possible!
The unseen horror is severely wounded.
The unseen horror hits you but does no damage.
You puncture the unseen horror!
You kill the unseen horror!
No target in view!
Found a runed cloak.
There is a stone staircase leading down here.
You climb downwards.
There is a stone staircase leading up here.
You open the door. You open the door.
There is a stone staircase leading up here.
You climb upwards.
There is a stone staircase leading down here.
Found a runed leather armour.
You see here a +1 cloak.
Harold the Weathered comes into view.
He is wielding a +0 morningstar and quivering 5 throwing nets.
Found 21 gold pieces.
Harold casts a spell at you.
You barely resist.
Press: ? - help, v - describe, . - travel
Here: Harold, wielding a +0 morningstar, wearing a +0 scale mail and quivering 5 throwing nets The floor.
You see here a +1 cloak.
There is a stone staircase leading down here.
You climb downwards.
There is a stone staircase leading up here.
As you open the door, it creaks loudly!
Found 17 gold pieces.
There is an open door here.
Found a robe.
You now have 413 gold pieces (gained 17).
You see here a +0 robe.
You open the door.
There is an open door here.
You open the door.
A two-headed ogre comes into view.
It is wielding a +0 giant club and a +0 giant spiked club.
The two-headed ogre shouts in stereo!
There is an open door here.
Throw: 2 darts (curare)
Press: ? - help, Shift-Dir - straight line, f - two-headed ogre
Aim: a two-headed ogre, wielding a +0 giant club and a +0 giant spiked club (73% to hit)
You throw a curare-tipped dart.
The curare-tipped dart hits the two-headed ogre.
The two-headed ogre is poisoned.
The two-headed ogre struggles to breathe.
The two-headed ogre seems to slow down.
The two-headed ogre is lightly wounded.
Unknown command.
Press: ? - help, v - describe, . - travel, g - get item
Here: a two-headed ogre, wielding a +0 giant club and a +0 giant spiked club (lightly wounded, very poisoned, slow) Item here: a curare-tipped dart.
The floor.
Unknown command.
Throw: 18 darts (poison)
Press: ? - help, Shift-Dir - straight line, f/p - two-headed ogre
Aim: a two-headed ogre, wielding a +0 giant club and a +0 giant spiked club (lightly wounded, very poisoned, slow, 73% to hit)
You throw a poisoned dart.
The poisoned dart barely misses the two-headed ogre.
Throw: 17 darts (poison)
Press: ? - help, Shift-Dir - straight line, f/p - two-headed ogre
Aim: a two-headed ogre, wielding a +0 giant club and a +0 giant spiked club (lightly wounded, very poisoned, slow, haloed, 93% to hit)
You throw a poisoned dart.
The poisoned dart hits the two-headed ogre.
The two-headed ogre looks even sicker.
The two-headed ogre is lightly wounded.
Reach: a) +8 trident of the Octopus King {venom, rElec rPois}
Press: ? - help, Dir - move target, f/p - two-headed ogre
Aim: a two-headed ogre, wielding a +0 giant club and a +0 giant spiked club (lightly wounded, very poisoned, slow, haloed, about 6% to evade the +8 trident of the Octopus King)
You reach to attack!
You barely miss the two-headed ogre.
The two-headed ogre is lightly wounded.
Reach: a) +8 trident of the Octopus King {venom, rElec rPois}
Press: ? - help, Dir - move target, f/p - two-headed ogre
Aim: a two-headed ogre, wielding a +0 giant club and a +0 giant spiked club (lightly wounded, very poisoned, slow, haloed, about 6% to evade the +8 trident of the Octopus King)
You reach to attack!
You completely miss the two-headed ogre.
The two-headed ogre is lightly wounded.
There is an open door here.
Reach: a) +8 trident of the Octopus King {venom, rElec rPois}
Press: ? - help, Dir - move target, f/p - two-headed ogre
Aim: a two-headed ogre, wielding a +0 giant club and a +0 giant spiked club (lightly wounded, very poisoned, slow, haloed, about 6% to evade the +8 trident of the Octopus King)
You reach to attack!
You barely miss the two-headed ogre.
The two-headed ogre is lightly wounded.
Found 6 stones.
Reach: a) +8 trident of the Octopus King {venom, rElec rPois}
Press: ? - help, Dir - move target, f/p - two-headed ogre
Aim: a two-headed ogre, wielding a +0 giant club and a +0 giant spiked club (lightly wounded, very poisoned, slow, haloed, about 6% to evade the +8 trident of the Octopus King)
You reach to attack!
You puncture the two-headed ogre!
The two-headed ogre looks as sick as possible!
The two-headed ogre is moderately wounded.
The two-headed ogre is no longer moving slowly.
Press: ? - help, v - describe, . - travel
Here: a two-headed ogre, wielding a +0 giant club and a +0 giant spiked club (moderately wounded, extremely poisoned, haloed)
The floor.
Unknown command.
Unknown command.
Unknown command.
The two-headed ogre attacks as it pursues you!
The two-headed ogre hits you with a +0 giant club!!
The two-headed ogre hits you with a +0 giant spiked club!
Throw: dart (curare)
Press: ? - help, Shift-Dir - straight line, f/p - two-headed ogre
Aim: a two-headed ogre, wielding a +0 giant club and a +0 giant spiked club (severely wounded, very poisoned, haloed, 93% to hit)
You throw a curare-tipped dart.
The curare-tipped dart hits the two-headed ogre.
The two-headed ogre looks as sick as possible!
The two-headed ogre struggles to breathe.
The two-headed ogre seems to slow down.
The two-headed ogre is almost dead.
The two-headed ogre attacks as it pursues you!
The two-headed ogre hits you with a +0 giant club!
* * * LOW HITPOINT WARNING * * *
The two-headed ogre barely misses you.
You kill the two-headed ogre!
Your Fighting skill increases to level 8!
You have reached level 11!
Things that are here:
a +0 giant club; a +0 giant spiked club
B - a curare-tipped dart
There is an open door here.
k - 17 poisoned darts (gained 1)
k - 18 poisoned darts (gained 1);
B - 2 curare-tipped darts (gained 1)
You open the door.
Found a scroll labelled OHAUNE QOZU and a scroll labelled HUCWIAC DITT.
There is an open door here.
Found 14 gold pieces.
h - 5 scrolls labelled OHAUNE QOZU (gained 1)
p - 2 scrolls labelled HUCWIAC DITT (gained 1)
You now have 427 gold pieces (gained 14).
There is an open door here.
Found a stone staircase leading down.
Found a stone staircase leading down.
There is a stone staircase leading down here.
You climb downwards.
Rupert shouts!
Nessos shouts!
Found a stone staircase leading down.
There is a stone staircase leading up here.
Unknown command.
Okay, then.
Okay, then.
Press: ? - help, v - describe, . - travel
Here: Rupert, wielding a +5 great mace of protection and wearing a +2 chain mail of cold resistance (haloed)
The floor.
Unknown command.
Okay, then.
Okay, then.
Nessos mumbles some strange words.
Nessos seems to speed up.
Rupert hits you with a +5 great mace of protection!
* * * LOW HITPOINT WARNING * * *
You climb upwards.
There is a stone staircase leading down here.
Throw: 2 darts (curare)
Press: ? - help, Shift-Dir - straight line, f - Rupert
Aim: Rupert, wielding a +5 great mace of protection and wearing a +2 chain mail of cold resistance (haloed, 86% to hit)
You throw a curare-tipped dart. The curare-tipped dart hits Rupert.
Rupert is poisoned.
Rupert struggles to breathe.
Rupert seems to slow down.
Rupert is lightly wounded.
Okay, then.
Rupert roars madly and goes into a rage!
Rupert shakes off his lethargy.
Rupert goes berserk!
Okay, then.
As you read the scroll labelled OHAUNE QOZU, it crumbles to dust.
It is a scroll of identify.
m - 2 scrolls of poison Rupert hits you with a +5 great mace of protection!
* * * LOW HITPOINT WARNING * * *
As you read the scroll of identify, it crumbles to dust.
n - 2 scrolls of amnesia Rupert hits you with a +5 great mace of protection!!!
The Shining One protects you from harm!
As you read the scroll of identify, it crumbles to dust.
p - 2 scrolls of teleportation Rupert misses you.
Rupert hits you with a +5 great mace of protection!!
You die...
Rupert roars with triumph.

#########################
#........................
#.##..###..##..........##
#.....###..##..........##
#......@@..........^.....
#.....>.#######'#########
#.......#................
#.......#................
#.......#####..##........
#........ #.. #........
#.#####..# #.. #........
#. .>.# +.. ######### #
... ###


You could see Rupert (berserk, very poisoned).

Vanquished Creatures
  A boulder beetle (D:7)
  A two-headed ogre (D:11)
  Pikel (D:6)
  Maggie (D:8)
  An unseen horror (D:10)
  A troll (D:8)
  A wyvern (D:8)
  A wraith (D:7)
  Eustachio (D:5)
  5 yaks (D:8)
  Menkaure (D:5)
  An acid dragon (D:7)
  A water moccasin (D:7)
  An orc warrior (D:8)
  A sky beast (D:7)
  An ice beast (D:7)
  A black bear (D:7)
  An ogre (D:6)
  A centaur (D:7)
  A wolf (D:8)
  A lemure (D:6)
  3 kobold brigands
  3 scorpions
  5 bullfrogs (D:7)
  3 electric eels (D:8)
  4 howler monkeys (D:7)
  2 jellies (D:7)
  4 bombardier beetles
  9 hounds
  An orc priest (D:7)
  Crazy Yiuf (D:3)
  2 gnoll boudas
  An iguana (D:6)
  3 sleepcaps
  12 orc wizards
  16 gnolls
  8 adders
  A shadow imp (D:7)
  A white imp (D:5)
  6 ufetubi
  34 orcs
  2 endoplasms
  A giant cockroach (D:1)
  28 goblins
  32 hobgoblins
  3 jackals (D:4)
  15 kobolds
  2 quokkas
  A ball python (D:4)
  2 bats (D:1)
  3 frilled lizards (D:1)
  2 rats
235 creatures vanquished.

Notes
Turn   | Place    | Note
-------+----------+-------------------------------------------
     0 | D:1      | jagoly the Gargoyle Monk began the quest for the Orb.
     0 | D:1      | Reached XP level 1. HP: 14/14 MP: 1/1
   251 | D:1      | Reached XP level 2. HP: 19/19 MP: 2/2
   283 | D:1      | Reached skill level 3 in Axes
   389 | D:3      | Reached skill level 1 in Stealth
   406 | D:3      | Reached skill level 1 in Armour
   406 | D:3      | Reached XP level 3. HP: 22/23 MP: 3/3
   441 | D:3      | Found a faded altar of an unknown god.
   474 | D:3      | Found a runed translucent door.
   475 | D:3      | Noticed Crazy Yiuf
   489 | D:3      | Killed Crazy Yiuf
   498 | D:3      | Identified the +7 hammer of Xuire Hepa {vamp, rC+ Int+2
                  | Stlth+}
   542 | D:3      | Reached XP level 4. HP: 16/29 MP: 4/4
   682 | D:4      | Found a runed translucent door.
   682 | D:4      | Noticed GnostlyHero's ghost (amateur MfSu)
   727 | D:4      | Reached XP level 5. HP: 27/33 MP: 5/5
   729 | D:4      | Reached skill level 4 in Axes
   808 | D:5      | Entered Level 5 of the Dungeon
  1102 | D:5      | Reached XP level 6. HP: 36/39 MP: 6/6
  1171 | D:5      | Noticed Eustachio
  1184 | D:5      | Killed Eustachio
  1185 | D:5      | Reached skill level 5 in Axes
  1199 | D:5      | Reached skill level 5 in Fighting
  1199 | D:5      | Reached XP level 7. HP: 27/44 MP: 7/7
  1225 | D:5      | Noticed Menkaure
  1240 | D:5      | Killed Menkaure
  1376 | D:5      | Reached skill level 6 in Axes
  1566 | D:5      | Reached XP level 8. HP: 51/51 MP: 8/8
  1642 | D:6      | Found the +8 trident of the Octopus King {venom, rElec
                  | rPois}
  1705 | D:6      | Noticed Pikel
  1723 | D:6      | Killed Pikel
  1724 | D:6      | Reached skill level 8 in Axes
  1861 | D:7      | Reached skill level 9 in Axes
  1861 | D:7      | Reached XP level 9. HP: 55/55 MP: 9/9
  1949 | D:7      | Reached skill level 10 in Axes
  2263 | D:6      | Found a staircase to the Ecumenical Temple.
  2270 | Temple   | Entered the Ecumenical Temple
  2291 | Temple   | Became a worshipper of the Shining One
  2291 | Temple   | Reached * piety under the Shining One
  2291 | Temple   | Reached ** piety under the Shining One
  2601 | D:7      | Reached skill level 11 in Axes
  2719 | D:7      | Noticed a boulder beetle
  2730 | D:7      | Reached XP level 10. HP: 39/60 MP: 10/10
  2742 | D:7      | Killed a boulder beetle
  2897 | D:7      | Reached skill level 5 in Armour
  2999 | D:8      | Reached skill level 12 in Axes
  3002 | D:8      | Noticed Maggie
  3018 | D:8      | HP: 3/63 [yak (11)]
  3022 | D:8      | Killed Maggie
  3320 | D:8      | Found a staircase to the Lair.
  3440 | D:8      | You fall into a shaft and drop 3 floors!
  3558 | D:10     | Entered Level 10 of the Dungeon
  3564 | D:10     | Noticed an unseen horror
  3571 | D:10     | Killed an unseen horror
  3586 | D:10     | Noticed Harold
  3645 | D:11     | Noticed a two-headed ogre
  3671 | D:11     | Killed a two-headed ogre
  3672 | D:11     | Reached XP level 11. HP: 24/68 MP: 11/11
  3742 | D:12     | Noticed Rupert
  3742 | D:12     | Noticed Nessos
  3742 | D:12     | Noticed a boulder beetle
  3749 | D:11     | The Shining One protects you from harm!
  3750 | D:11     | Slain by Rupert

Illustrated notes

Levels and vault maps discovered:
D:1:      kilobyte_arrival_exit_the_forest, layout_loops_corners,
          kennysheep_another_room, minmay_tall_x
D:2:      layout_loops_ring, basic_altar
D:3:      wander_river, layout_basic, hellmonk_ecumenical_altar_blasted,
          minmay_misc_feat_columns, uniq_crazy_yiuf_cottage
D:4:      layout_basic, hellmonk_ghost_happy_afterlife
D:5:      minmay_goblin_kobold_castle, layout_loops_ring, uniq_menkaure,
          uniq_eustachio
D:6:      cheibrodos_quashed, layout_loops_ring, minmay_temple_entry_trees,
          kennysheep_generic_room_11, uniq_pikel
D:7:      wad_guarded_room, layout_rooms
D:8:      layout_basic, vehumet_crystals, erik_lair_island, minmay_hedge_maze,
          uniq_maggie
D:9:      layout_loops_ring, david_orc_4
D:10:     layout_cave_pods, serial_column_ruins, column_ruins_hut,
          column_ruins_open_tiny, column_ruins_grid_1, column_ruins_grid_1,
          column_ruins_open_tiny, column_ruins_open_tiny_water, uniq_harold
D:11:     layout_stronghold
D:12:     layout_cross, roadster_trireme, uniq_rupert, uniq_maurice, uniq_nessos
Temple:   mainiacjoe_temple_trianglar_array

Skill      XL: |  1  2  3  4  5  6  7  8  9 10 |
---------------+-------------------------------+-----
Axes           | 3 4 5 6 9 11 12 | 12.8
Stealth        | 1 |  1.0
Armour         | 1 2 3 4 6 |  6.2
Fighting       | 4 5 6 8 |  8.1
Dodging        | 3 |  3.2

Action                     |  1- 3 |  4- 6 |  7- 9 | 10-12 || total
---------------------------+-------+-------+-------+-------++-------
  Melee: Hand axe          |    52 |       |       |       ||    52
         Mace              |     1 |    93 |   271 |       ||   365
         Trident           |       |       |    71 |   128 ||   199
  Throw: Dart              |       |       |       |     5 ||     5
    Use: Potion            |       |       |       |     5 ||     5
         Scroll            |       |       |       |     3 ||     3
   Stab: Sleeping          |       |       |     1 |       ||     1
 Armour: Robe              |     7 |       |       |       ||     7
         Ring mail         |    24 |   132 |   244 |       ||   400
         Acid dragon scale |       |       |    11 |    89 ||   100
  Dodge: Dodged            |    28 |   122 |   214 |    61 ||   425
